Cogmind - Beta 15 @@@ ROGUE MODE // 2025.06.23 @ 15:02:48 Player: dorusv Result: Destroyed by G-47 Trooper with Particle Gun Performance ------------- Evolutions (0) 0 Regions Visited (1) 200 Robots Destroyed (9) 45 Value Destroyed (200) 200 Prototype IDs (0) 0 Alien Tech Used (0) 0 Bonus (0) 0 TOTAL SCORE: 445 Bonus ------- None Cogmind --------- Core Integrity 0/250 Matter 274/300 Energy 241/250 System Corruption 1% Temperature Cool (9) Movement Rolling (80) Location -10/Materials Parts ------- > --- POWER (1) -------- Ion Engine > --- PROPULSION (2) --- Wheel Wheel > --- UTILITY (2) ------ Heat Sink > --- WEAPON (2) ------- Small Laser Light Assault Rifle > --- INVENTORY (5) ---- Light Ion Engine Wheel Assault Rifle Peak State ------------ > --- POWER ------------ Ion Engine > --- PROPULSION ------- Wheel Wheel > --- UTILITY ---------- Improved Terrain Scanner Seismic Detector > --- WEAPON ----------- EM Pulse Gun Light Assault Rifle > --- INVENTORY -------- Light Ion Engine Wheel Wheel Assault Rifle [Rating: 9] Favorites ----------- Power Ion Engine Engine Ion Engine Propulsion Wheel Wheel Wheel Utility Improved Terrain Scanner Device Improved Terrain Scanner Weapon Light Assault Rifle Energy Gun EM Pulse Gun Ballistic Gun Light Assault Rifle Build | -11 -10 ------- Run | Yrd Mat Slots Evolved . | . . Power . | . . Propulsion . | . . Utility . | . . Weapon . | . . Parts Attached 12 | 7 5 Power 2 | 1 1 Engine 2 | 1 1 Core . | . . Reactor . | . . Propulsion 3 | 2 1 Treads . | . . Leg . | . . Wheel 3 | 2 1 Hover . | . . Flight . | . . Utility 4 | 2 2 Device 4 | 2 2 Storage . | . . Processor . | . . Hackware . | . . Protection . | . . Artifact . | . . Weapon 3 | 2 1 Energy Gun 2 | 1 1 Energy Cannon . | . . Ballistic Gun 1 | 1 . Ballistic Cannon . | . . Launcher . | . . Special Weapon . | . . Impact Weapon . | . . Slashing Weapon . | . . Piercing Weapon . | . . Special Melee Weapon . | . . Unidentified Prototypes . | . . Corrupted Parts 1 | . 1 System Corruption 1 | . 1 Parts Lost 6 | . 6 Power 1 | . 1 Propulsion 1 | . 1 Utility 3 | . 3 Weapon 1 | . 1 Highest Loss Streak 4 | . 4 To Critical Strikes . | . . Average Backups 3 | 2 3 Power . | . 1 Propulsion 1 | . 1 Utility . | . . Weapon . | . 1 Tool/Special . | . . Unused Backups 3 | . 3 Power 1 | . 1 Propulsion 1 | . 1 Utility . | . . Weapon 1 | . 1 Tool/Special . | . . Average Slot Usage (%) 85 | . 85 Engine 12 | . 12 Wheel 26 | . 26 Device 18 | . 18 Energy Gun 12 | . 12 Ballistic Gun 14 | . 14 Peak Build Rating 9 | 9 9 Average Rating 6 | 5 7 On Entrance 4 | . 9 Naked Turns . | . . Heaviest Build 10 | 10 10 Greatest Support 20 | 20 20 Greatest Overweight (x) . | . . Average Overweight (x) . | . . Largest Inventory Capacity 5 | 5 5 Average Capacity 5 | 5 5 Most Carried 5 | 4 5 Average Carried 3 | 2 3 Final Capacity 5 | 5 5 Final Carried 4 | 4 3 Class Distribution -------------------- 90% | Mutant 10% | Scavenger-Mutant Dominant Class ---------------- Mutant | -10/Materials Resources | -11 -10 ----------- Run | Yrd Mat Matter Collected 309 | 280 29 Remotely . | . . Salvage Created 316 | 93 223 Parts 21 | 8 13 Haulers Intercepted . | . . Recyclers Shooed 1 | 1 . Parts Field Recycled . | . . Retrieved Matter . | . . Parts Self-Destructed . | . . Prevented . | . . Kills | -11 -10 ------- Run | Yrd Mat Combat Hostiles Destroyed 4 | . 4 Guns 2 | . 2 AOE 2 | . 2 Classes Destroyed 4 | 2 2 Builder 1 | . 1 Tunneler 2 | 2 . Recycler 2 | 1 1 Grunt 4 | . 4 Best Kill Streak 6 | 2 6 Combat Bots Only 4 | . 4 Max Kills in Single Turn 3 | 1 3 Gunslinging . | . . Exploded 2 | . 2 Melee . | . . Uniques/NPCs Destroyed . | . . Combat | -11 -10 -------- Run | Yrd Mat Hostile Shots Fired 48 | . 48 Missed 18 | . 18 Hits 30 | . 30 Projectile 30 | . 30 Critical Strikes 1 | . 1 Damage Taken 548 | 23 525 Core 251 | 23 228 Absorbed by Shields . | . . Core Remaining (%) 90 | 90 . Volleys Fired 35 | 10 25 Largest 2 | 2 2 Hottest 60 | 60 60 Shots Fired 62 | 20 42 Gun 62 | 20 42 Cannon . | . . Launcher . | . . Special . | . . Kinetic 35 | 10 25 Thermal 2 | . 2 Explosive . | . . Electromagnetic 25 | 10 15 Robot Hit Streak 5 | 4 5 Robot Miss Streak 3 | 3 3 Penetration Max . | . . Secondary Targets . | . . Shots Hit Robots 32 | 8 24 Core Hits 12 | 5 7 Critical Kills . | . . Critical Parts Destroyed 1 | . 1 Critical Strikes 2 | . 2 Destroy 1 | . 1 Corrupt 1 | . 1 Melee Attacks . | . . Impact . | . . Slashing . | . . Piercing . | . . Sneak Attacks . | . . Combat Hostiles . | . . Follow-up Attacks . | . . Damage Inflicted 810 | 136 674 Guns 323 | 100 223 Cannons . | . . Explosions 475 | 36 439 Melee . | . . Ramming 12 | . 12 Kinetic 135 | 34 101 Thermal 495 | 36 459 Explosive . | . . Electromagnetic 168 | 66 102 Impact . | . . Slashing . | . . Piercing . | . . Highest Corruption 1 | . 1 Average Corruption 1 | . 1 Corruption Purged . | . . Corruption Blocked . | . . Overload Shots . | . . Overflow Damage 150 | . 150 Projectiles . | . . Explosions 150 | . 150 Melee . | . . Knockbacks . | . . Impact . | . . Kinetic . | . . Secondary . | . . Self-Inflicted Damage 126 | 23 103 Shots 2 | 1 1 Rammed 2 | . 2 Targets Rammed 2 | . 2 Kicked . | . . Crushed . | . . Highest Temperature 84 | 52 84 Average Temperature 33 | 24 37 Received Heat Transfer 234 | . 234 Siege Activations . | . . Martial Activations . | . . Shielding Activations . | . . Robots Disrupted . | . . Combat Hostiles . | . . Robots Corrupted . | . . Combat Hostiles . | . . Parts Fried . | . . Impact Corruptions . | . . Robots Melted . | . . Combat Hostiles . | . . Parts Melted . | . . Heat Transferred 350 | . 350 Parts Sabotaged . | . . Parts Stolen . | . . Parts Stripped . | . . Power Chain Reactions 2 | 1 1 Alert | -11 -10 ------- Run | Yrd Mat Maximum Alert Level 1 | . 1 Low Security (%) 85 | 100 77 Level 1 14 | . 22 Level 2 . | . . Level 3 . | . . Level 4 . | . . Level 5 . | . . High Security . | . . Max Security . | . . Peak Influence 235 | 5 235 Initial . | . . Average 49 | 1 79 Influence Increases 358 | 15 343 Destroy 0b10 Robot/C 80 | . 80 Destroy 0b10 Robot/NC 25 | 15 10 Destroy Leader 10 | . 10 Successful Hack 14 | . 14 Disable Machine 30 | . 30 Destroy Structure 34 | . 34 Lose Combat Pursuer 165 | . 165 Influence Decreases 133 | 15 118 Time Decay 93 | 15 78 Lost Part 40 | . 40 Squads Dispatched 1 | . 1 Investigation 1 | . 1 Extermination . | . . Reinforcement . | . . Assault . | . . Garrison . | . . Intercept . | . . Searches Triggered . | . . Construction Impeded . | . . Haulers Reinforced . | . . Active Scanning Responses . | . . Cargo Convoy Interrupts . | . . Stealth | -11 -10 --------- Run | Yrd Mat Distress Signals 1 | . 1 Communications Jammed . | . . Distress Signals . | . . Times Spotted 20 | . 20 Peak Tracking Total 7 | . 7 Tactical Retreats 4 | . 4 Traps | -11 -10 ------- Run | Yrd Mat Traps Triggered 1 | . 1 Indirectly . | . . Trap Hack Attempts . | . . Triggered . | . . Disarmed . | . . Reprogrammed . | . . Reused . | . . Traps Extracted . | . . Installed . | . . Triggered . | . . Machines | -11 -10 ---------- Run | Yrd Mat Machines Disabled 2 | . 2 Max in Single Turn 2 | . 2 Machines Repaired . | . . Machines Dismantled . | . . Machines Sabotaged . | . . Overloaded Fab Kills . | . . Hacking | -11 -10 --------- Run | Yrd Mat Machines Accessed 2 | . 2 Terminals 2 | . 2 Fabricators . | . . Repair Stations . | . . Recycling Units . | . . Scanalyzers . | . . Garrison Access . | . . Total Hacks 6 | . 6 Successful 2 | . 2 Failed 4 | . 4 Catastrophic . | . . Database Lockouts . | . . Manual 6 | . 6 Terminals 6 | . 6 Fabricators . | . . Repair Stations . | . . Recycling Units . | . . Scanalyzers . | . . Garrison Access . | . . Terminal Hacks 2 | . 2 Branch Access Points 1 | . 1 Emergency Access Points 1 | . 1 Fabricator Hacks . | . . Repair Station Hacks . | . . Recycling Unit Hacks . | . . Scanalyzer . | . . Garrison Access Hacks . | . . Unauthorized Hacks . | . . Terminals . | . . Fabricators . | . . Repair Stations . | . . Recycling Units . | . . Scanalyzers . | . . Garrison Access . | . . Data Cores Recovered 1 | . 1 Used 1 | . 1 Hacking Detections 2 | . 2 Full Trace Events 2 | . 2 Feedback Events . | . . Feedback Blocked . | . . Robot Schematics Acquired . | . . Robots Built . | . . Authchips . | . . Time . | . . Total Robot Build Rating . | . . Part Schematics Acquired . | . . Parts Built . | . . Authchips . | . . Time . | . . Total Part Build Rating . | . . Parts Repaired . | . . Time . | . . Parts Recycled . | . . Recycled Matter . | . . Retrieved Matter . | . . Retrieved Components . | . . Parts Scanalyzed . | . . Part Schematics Acquired . | . . Parts Damaged . | . . Bothacking | -11 -10 ------------ Run | Yrd Mat Used RIF Installer . | . . Robots Hacked . | . . Non-combat . | . . Combat . | . . Robot Hacks Applied . | . . Relay Couplers Released . | . . Fabnet Peak Effective % . | . . Robots Rewired . | . . Allies Hacked . | . . Hacks Repelled . | . . Allies | -11 -10 -------- Run | Yrd Mat Total Allies . | . . Largest Group . | . . Highest-Rated Group . | . . Highest-Rated Ally . | . . Total Orders . | . . Ally Attacks . | . . Total Damage . | . . Kills . | . . Allies Corrupted . | . . Allies Melted . | . . Intel | -11 -10 ------- Run | Yrd Mat Active Infowar (turns) 201 | 44 157 Terrain 160 | 16 144 Seismic 144 | 44 100 Robot Analysis Total . | . . Derelict Logs Recovered . | . . Drone Launches . | . . Drone Recoveries . | . . Exploration | -11 -10 ------------- Run | Yrd Mat Turns Passed 355 | 134 221 Spaces Moved 282 | 117 165 Core 5 | 5 . Treads . | . . Legs . | . . Wheels 277 | 112 165 Hover . | . . Flight . | . . Fastest Speed 50 | 50 80 Average Speed 79 | 78 80 Slowest Speed 80 | 80 80 Overloaded Moves . | . . Propulsion Burnouts . | . . Robots Hopped . | . . Potential Cave-ins . | . . Cave-ins Triggered . | . . Exploration Rate (%) 19 | 5 33 Regions Visited 1 Branch Regions . Pre-discovered Areas . | . . Known Exits Taken . | . . Unknown Exits Taken 1 | 1 . Scrap Searched . | . . Spaces Dug . | . . Terrain Destroyed 37 | 3 34 Melee . | . . Projectile . | . . AOE 37 | 3 34 Terrain Rammed . | . . Walls Destroyed . | . . Machines Disabled . | . . Actions | -11 -10 --------- Run | Yrd Mat Total 355 | 137 218 Wait 19 | . 19 Move 281 | 116 165 Hop . | . . Pick Up 4 | 4 . Fast Attach 11 | 7 4 Attach 2 | . 2 Detach 1 | . 1 Swap . | . . Drop . | . . Fire 35 | 10 25 Melee . | . . Ram 2 | . 2 Kick . | . . Crush . | . . Escape Stasis . | . . Rewire . | . . Trap . | . . Miscellaneous . | . . Route ------- -11/Scrapyard -10/Materials (discovered 2 exits: Min x2) History --------- Turn | Location | Event 15 | -11/Scrapyard | Discovered new exit (range 16) 135 | -11/Scrapyard | Entered Materials 175 | -10/Materials | Identified exit to Mines 295 | -10/Materials | Core integrity fell below 50% 306 | -10/Materials | Build established: Mutant 307 | -10/Materials | Core integrity fell below 20% 323 | -10/Materials | Lost 4 parts (1p1n1u1w) 356 | -10/Materials | Destroyed by G-47 Trooper with Particle Gun Last Messages --------------- 00310_ U-05 Engineer lays Concrete. 00311_ R-06 Scavenger collects Wheel. 00311_ Acquired Ion Engine. 00311_ U-05 Engineer lays Concrete. 00314_ Acquired Corrupted Sml. Laser. 00314_ Integrated Corrupted Sml. Laser (+1). 00314_ U-05 Engineer lays Concrete. 00317_ Acquired 16 matter. 00317_ U-05 Engineer lays Concrete. 00319_ Acquired Heat Sink. 00319_ U-05 Engineer lays Concrete. 00330_ U-05 Engineer builds a Wall. 00331_ U-05 Engineer lays Concrete. 00334_ U-05 Engineer builds a Wall. 00339_ G-34 Mercenary system corruption misinterpreted. 00339_ G-34 Mercenary triggered Explosive Trap. 00339_ An explosion rips through the floor. 00349_ K-01 Serf collects debris. 00355_ K-01 Serf cleans the Matter Filter. 00356_ Destroyed Lgt. Nuclear Core. Map ----- +----------------------------------------------------+ | | | | | | | | | | | | | | | | | | | | | ?????????????????????????????????????????????????? | | ?????????????????????????????????????????????????? | | ?????????????????????????????????????????????????? | | ?????????????????????????????????????????????????? | | ?????????????????????????????????????????????????? | | ?????????????????????????????????????????????????? | | ?????????????????????????????????????????????????? | | ?????????????????????####????????????????????????? | | ?????????????????????# ????????????????????????? | | ?????????????????????# ?????????????????????? | | ?????????????????????# """"""" #?????????????????? | | ?????????????????????# """""""k#?????????????????? | | ????????????????#????# """"""" #?????????????????? | | ????????????????# ???# """"""" #?????????????????? | | ????????????????# ??# """"""" #?????????????????? | | ???????????????## ?# @ #?????????????????? | | ????????????#### #####g#####?????????????????? | | ??????????? gg#????????????????????? | | ??????????? ########?????????????? | | ??????????? # ?#???????????? | | ????????????#### #### # """ #???????????? | | ???????????????#####???? # """"" # ??????????? | | ???????????????????????? # """"" #???????????? | | ???????????????????????? """"" #???????????? | | ??????????????????????? """ #???????????? | | ??????????????????????? #???#???????? | | ?????????????????? ???? # # #???? ??????? | | ??????????????????????? # # ##??????????? | | ??????????????????????" # #"""#"""""###???+????? | | ???????????????? ?????"?# #" " #?? #????? | | ????????????????????????# #" = #?? ###+?? | | ???????????????????????## #" #? ?? | | ????????????????????????# "" [ #? ??? | | ????????????????????????# " = # """ "" | | ????????????????????????### "" %%= # """ Y" | | ??????????????????????????# #"""""%##+### """ "" | | ??????????????????????????# # "% | | ??????????????????????????# ### " [ | | ??????????????????????????# ??### | | ?????????????????????###+## ##### | +----------------------------------------------------+ Best States ------------- Heat Dissipation 35 Energy Generation 10 Energy Capacity 250 Matter Stores 300 Matter Capacity 300 Sight Range 16 Terrain Scan Range 16 Terrain Scan Density 10 Evasion (%) 44 Item Schematics ----------------- None Robot Schematics ------------------ None Fabricated ------------ Nothing Repaired ---------- Nothing Alien Tech Used ----------------- None Achievements -------------- None Challenges ------------ None Game ------ Seed FrostAssembledLattice Manual? 0 Play Time 00:07:38 Cumulative 14.4 hours Start 2025.06.22 @ 21:43:14 End 2025.06.23 @ 15:02:48 Sessions 2 Manual Loads 0 Difficulty Rogue Special Mode None Game No. 49 Rogue 46 Adventurer 3 Explorer 0 Win Type - Total 0 Types 0/0/0/0/0/0/0/0/0/0 Lore% 11 Gallery% 20 Achievement% 19 Wizard Run 0 Options --------- Layout 0 ASCII 0 Keyboard 1 Movement Arrows Keybinds 0 Fullscreen 2 Font 24/Smallcaps Map View 183x50 Zoom Use 0% Tactical HUD 1 Map Filters NONE Filters NONE Steam 1 RUN: 7fa99af3-d33b-419f-ac75-5f8218a71ad5